 Dungeon Crawl Stone Soup version 0.28.0-55-gcd9437bce4 (webtiles) character file.

Game seed: 17696801527299773636

9 nerdsy the Digger (level 2, 0/22 HPs)
             Began as a Deep Dwarf Earth Elementalist on Jan 4, 2023.
             Slain by a kobold
             ... wielding a +0 dagger
              (2 damage)
             ... on level 1 of the Dungeon.
             The game lasted 00:01:31 (83 turns).

nerdsy the Digger (Deep Dwarf Earth Elementalist)     Turns: 83, Time: 00:01:32

Health: 0/22       AC:  2    Str: 11    XL:     2   Next: 3%
Magic:  1/4        EV: 12    Int: 15    God:
Gold:   0          SH:  0    Dex: 13    Spells: 3/4 levels left

rFire   . . .      SeeInvis .   d - +0 club
rCold   . . .      Faith    .   (no shield)
rNeg    . . .      Spirit   .   b - +0 robe
rPois   .          Reflect  .   (no helmet)
rElec   .          Harm     .   (no cloak)
rCorr   .          Rampage  .   (no gloves)
Will    .....                   (no boots)
Stlth   ++........              (no amulet)
HPRegen 0.00/turn               (no ring)
MPRegen 0.09/turn               (no ring)

@: no status effects
A: damage resistance, heal wounds, sense surroundings 1, no regeneration
a: Heal Wounds


You were on level 1 of the Dungeon.
You visited 1 branch of the dungeon, and saw 1 of its levels.

Inventory:

Hand Weapons
 d - a +0 club (weapon)
Missiles
 c - 27 stones
Armour
 b - a +0 robe (worn)
Scrolls
 a - a scroll of amnesia {unknown}


   Skills:
 + Level 2.3 Dodging
 + Level 2.6 Stealth
 + Level 1.9 Spellcasting
 + Level 0.8 Transmutations
 + Level 4.4 Earth Magic


You had 3 spell levels left.
You knew the following spells:

 Your Spells              Type           Power      Damage    Failure   Level
a - Sandblast             Erth           28%        2d8       3%          1

Your spell library contained the following spells:

 Spells                   Type           Power      Damage    Failure   Level
 Passwall                 Tmut/Erth      7%         N/A       12%         2
 Stone Arrow              Conj/Erth      16%        3d8       26%         3
 Petrify                  Tmut/Erth      9%         N/A       58%         4


Dungeon Overview and Level Annotations

Branches:
Dungeon (1/15)

Altars:


Innate Abilities, Weirdness & Mutations

You are resistant to damage.
You can heal yourself by infusing magical energy.
You passively map a small area around you.
You do not regenerate.


Message History

The endoplasm hits you but does no damage.
The kobold closely misses you. The endoplasm closely misses you.
Your magical contamination has completely faded away.
Casting: Sandblast (safe; 3% risk of failure)
Confirm with . or Enter, or press ? or * to list all spells.
You don't have enough magic to cast this spell.
You hit the endoplasm.
The endoplasm is lightly wounded.
The endoplasm freezes you.
You are frozen.
The kobold hits you with a +0 dagger. The endoplasm freezes you.
You are frozen.
You hit the endoplasm.
The endoplasm is heavily wounded.
The endoplasm closely misses you. The kobold closely misses you.
The endoplasm barely misses you.
You hit the endoplasm.
The endoplasm is almost dead.
The endoplasm hits you. The endoplasm barely misses you.
The kobold closely misses you. The endoplasm hits you.
You hit the endoplasm.
You kill the endoplasm!
The endoplasm hits you. The kobold barely misses you.
The kobold hits you but does no damage. The endoplasm barely misses you.
You barely miss the goblin. The goblin closely misses you.
The kobold barely misses you. The endoplasm closely misses you.
The goblin closely misses you.
You hit the goblin.
You kill the goblin!
The endoplasm freezes you.
You are frozen.
The kobold hits you with a +0 dagger.
* * * LOW HITPOINT WARNING * * *
You have reached level 2!
You hit the endoplasm.
The endoplasm is heavily wounded.
The endoplasm freezes you.
You are frozen.
* * * LOW HITPOINT WARNING * * *
The kobold barely misses you. The kobold hits you with a +0 dagger.
You die...

*#.... *## *
..#....###.., ,,
*#.#........ * *
......... *
.##......###########
...................##
#..........#####..##
#####†..#...#####...##
#....@#........##....#
#....K)J.........##..##
,, **
#......................#
...................##...
#.......................
,
#.......................
#.......................
##..$...................
* , .........


You could see an endoplasm and a kobold.

Vanquished Creatures
  An endoplasm (D:1)
  2 goblins (D:1)
  2 jackals (D:1)
  A ball python (D:1)
  2 frilled lizards (D:1)
8 creatures vanquished.

Notes
Turn   | Place    | Note
-------+----------+-------------------------------------------
     0 | D:1      | nerdsy the Deep Dwarf Earth Elementalist began the quest
                  | for the Orb.
     0 | D:1      | Reached XP level 1. HP: 15/15 MP: 3/3
    83 | D:1      | Reached XP level 2. HP: 5/22 MP: 1/4
    83 | D:1      | Slain by a kobold

Illustrated notes

Levels and vault maps discovered:
D:1:      lightli_arrival_chessboard, layout_rooms,
          ebering_ecumenical_altar_sacrificial, nicolae_figureground_pulse

Action                   || total
-------------------------++-------
Melee: Club              ||    12
       Unarmed           ||    11
 Cast: Sandblast         ||     3
Armor: Robe              ||    10
Dodge: Dodged            ||    26
